 Dungeon Crawl Stone Soup version 0.20.1-1-g8b1a95d (webtiles) character file.

2089 Moraw the Spear-Bearer (level 9, -14/81 HPs)
             Began as a Minotaur Fighter on Dec 4, 2017.
             Was a Priest of Okawaru.
             Demolished by a cyan ugly thing (16 damage)
             ... on level 6 of the Dungeon.
             The game lasted 00:11:39 (5490 turns).

Moraw the Spear-Bearer (Minotaur Fighter)           Turns: 5490, Time: 00:11:41

Health: -14/81     AC:  7    Str: 23    XL:     9   Next: 6%
Magic:  10/10      EV:  8    Int:  5    God:    Okawaru [***...]
Gold:   329        SH: 10    Dex: 11    Spells: 8/8 levels left

rFire    . . .     SeeInvis .   a - +0 trident
rCold    . . .     Gourm    .   c - +0 shield
rNeg     . . .     Faith    +   b - +0 scale mail
rPois    .         Spirit   .   (helmet restricted)
rElec    .         Reflect  .   (no cloak)
rCorr    .         Harm     .   (no gloves)
MR       .....                  (no boots)
Stlth    ..........             v - amulet of faith
Regen    0.3/turn               (no ring)
MPRegen  0.2/turn               (no ring)

@: no status effects
A: retaliatory headbutt, horns 2
a: Heroism, Renounce Religion


You were on level 6 of the Dungeon.
You worshipped Okawaru.
Okawaru was most pleased with you.
You were very hungry.

You visited 2 branches of the dungeon, and saw 7 of its levels.

You collected 329 gold pieces.

Inventory:

Hand Weapons
 a - a +0 trident (weapon)
Armour
 b - a +0 scale mail (worn)
 c - a +0 shield (worn)
Jewellery
 v - an amulet of faith (around neck)
Wands
 h - a wand of polymorph (4/24)
 t - a wand of random effects (21/48)
 A - a wand of paralysis (14/24)
 C - a wand of confusion (12/48)
Scrolls
 e - 5 scrolls of identify
 j - a scroll of enchant armour {unknown}
 k - 2 scrolls of immolation {unknown}
 l - a scroll of recharging {unknown}
 m - 2 scrolls of enchant weapon {unknown}
 n - a scroll of fear {unknown}
 p - 2 scrolls of remove curse
 q - 2 scrolls of blinking
 w - a scroll of fog {unknown}
 y - a scroll of noise {unknown}
Potions
 d - 2 potions of might
 o - a potion of invisibility {unknown}
 r - a potion of brilliance
 s - a potion of curing {unknown}
 u - a potion of agility {unknown}
 x - a potion of ambrosia {unknown}
 z - a potion of flight {unknown}
Comestibles
 f - 4 bread rations
 g - 4 fruits
 i - 3 meat rations


   Skills:
 * Level 7.9 Fighting
 + Level 8.9 Polearms
 + Level 6.6 Armour
 + Level 6.3 Shields
 * Level 3.9 Invocations


You had 8 spell levels left.
You didn't know any spells.

Dungeon Overview and Level Annotations

Branches:
Dungeon (6/15)             Temple (1/1) D:4

Altars:
Cheibriados
Elyvilon
Fedhas
Hepliaklqana
Makhleb
Nemelex Xobeh
Okawaru
Qazlal
Ru
Vehumet
Yredelemnul


Innate Abilities, Weirdness & Mutations

You reflexively headbutt those who attack you in melee.
You have a pair of horns on your head.


Message History

The cyan ugly thing tail-slaps you! The cyan ugly thing shocks you!
Your shield and scale mail prevent you from hitting the cyan ugly thing.
You headbutt the cyan ugly thing!
The cyan ugly thing is severely wounded.
The cyan ugly thing tail-slaps you. The cyan ugly thing shocks you!
You are too injured to fight recklessly!
You are too injured to fight recklessly!
You are too injured to fight recklessly!
You are too injured to fight recklessly!
You are too injured to fight recklessly!
You barely miss the cyan ugly thing.
The cyan ugly thing is severely wounded.
The cyan ugly thing tail-slaps you! The cyan ugly thing shocks you!
* * * LOW HITPOINT WARNING * * *
You puncture the cyan ugly thing!
The cyan ugly thing is almost dead.
The cyan ugly thing tail-slaps you!
* * * LOW HITPOINT WARNING * * *
The cyan ugly thing shocks you!
You die...

####................#
#.####.....####..#
########.# ##...##.[#..#
#........# ##.##...#..#
###........## #.#...##..#
............## +#.#).##...#
.....####....###...###....#
.....# #........8........#
.....# ##...###@..###...##
###### #..##gu#.#'.##..#
#.##..Z#.#...##.#
#.#...##.##...#.#
#######.#$.# ...##.(#.#
#....##.####.....####.#
#.##.##.......... ..#
####.##.####.###..##
........##.......#


You could see a cyan ugly thing, a gnoll and a bullfrog zombie.

Vanquished Creatures
  Grinder (D:3)
  A hippogriff (D:6)
  Edmund (D:5)
  An ice beast (D:6)
  6 ogres
  2 phantoms
  A bullfrog (D:6)
  A howler monkey (D:5)
  2 crimson imps
  A bullfrog zombie (D:5)
  An orc priest (D:5)
  2 bullfrog skeletons
  Jessica (D:2)
  Terence (D:3)
  An iguana (D:6)
  5 orc wizards (D:5)
  3 worker ants
  2 hound skeletons
  Robin (D:3)
  A worker ant zombie (D:6)
  6 adders
  2 shadow imps (D:5)
  3 worms (D:3)
  2 dart slugs
  5 leopard geckos
  9 orcs (D:5)
  7 giant cockroaches
  18 goblins
  9 hobgoblins
  4 jackals (D:3)
  A quokka (D:4)
  A ball python (D:2)
  6 bats
  3 frilled lizards
  4 kobolds
  8 rats
123 creatures vanquished.

Vanquished Creatures (others)
  A rat (D:2)
1 creature vanquished.

Grand Total: 124 creatures vanquished

Notes
Turn   | Place    | Note
-------+----------+-------------------------------------------
     0 | D:1      | Moraw the Minotaur Fighter began the quest for the Orb.
     0 | D:1      | Reached XP level 1. HP: 19/19 MP: 0/0
   192 | D:1      | Reached XP level 2. HP: 27/27 MP: 1/1
   602 | D:2      | Reached skill level 3 in Polearms
   663 | D:2      | Found a white marble altar of Elyvilon.
   685 | D:2      | Reached XP level 3. HP: 33/33 MP: 2/2
   896 | D:2      | Noticed Jessica
   905 | D:2      | Killed Jessica
  1268 | D:2      | Reached XP level 4. HP: 41/41 MP: 3/3
  1344 | D:2      | Found a sacrificial altar of Ru.
  1344 | D:2      | Found a radiant altar of Vehumet.
  1702 | D:3      | Found a sparkling altar of Nemelex Xobeh.
  1751 | D:3      | Noticed Robin
  1761 | D:3      | Reached skill level 4 in Polearms
  1830 | D:3      | Killed Robin
  2072 | D:3      | Reached XP level 5. HP: 33/47 MP: 4/4
  2094 | D:3      | Noticed Grinder
  2120 | D:3      | Paralysed by Grinder for 2 turns
  2123 | D:3      | Killed Grinder
  2123 | D:3      | Reached skill level 5 in Fighting
  2123 | D:3      | Reached skill level 5 in Polearms
  2123 | D:3      | Reached XP level 6. HP: 14/56 MP: 5/5
  2690 | D:3      | Noticed Terence
  2699 | D:3      | Killed Terence
  2964 | D:4      | Found a staircase to the Ecumenical Temple.
  3023 | Temple   | Entered the Ecumenical Temple
  3027 | Temple   | Became a worshipper of Warmaster Okawaru
  3056 | D:4      | Reached skill level 5 in Armour
  3056 | D:4      | Reached skill level 5 in Shields
  3096 | D:4      | Found a hazy altar of Hepliaklqana.
  3131 | D:4      | Reached XP level 7. HP: 62/62 MP: 6/6
  3234 | D:4      | Reached skill level 6 in Polearms
  3234 | D:4      | Reached skill level 1 in Invocations
  3671 | D:5      | Entered Level 5 of the Dungeon
  3720 | D:5      | Noticed Edmund
  3738 | D:5      | Killed Edmund
  3738 | D:5      | Reached * piety under Okawaru
  4028 | D:5      | Found a blossoming altar of Fedhas.
  4157 | D:5      | Reached skill level 7 in Polearms
  4177 | D:5      | Reached XP level 8. HP: 56/71 MP: 8/8
  4612 | D:5      | Reached ** piety under Okawaru
  4700 | D:6      | Reached skill level 8 in Polearms
  4705 | D:6      | Noticed a hippogriff
  4712 | D:6      | Killed a hippogriff
  4981 | D:5      | Found a stormy altar of Qazlal.
  5251 | D:6      | Reached *** piety under Okawaru
  5251 | D:6      | Reached XP level 9. HP: 44/81 MP: 10/10
  5482 | D:6      | Noticed a cyan ugly thing
  5490 | D:6      | HP: 2/81 [cyan ugly thing (8)]
  5490 | D:6      | Demolished by a cyan ugly thing

Skill      XL: |  1  2  3  4  5  6  7  8 |
---------------+-------------------------+-----
Fighting       | 4 5 6 7 |  7.9
Polearms       | 3 4 5 7 8 |  8.9
Armour         | 4 5 6 |  6.6
Shields        | 4 5 6 |  6.3
Invocations    | 2 3 |  3.9

Action                   |  1- 3 |  4- 6 |  7- 9 || total
-------------------------+-------+-------+-------++-------
Melee: Trident           |    90 |   140 |   227 ||   457
       Headbutt          |     7 |    15 |    43 ||    65
       Unarmed           |       |    17 |       ||    17
  Use: Potion            |     3 |       |       ||     3
       Scroll            |       |       |     3 ||     3
  Eat: Chunk             |     1 |     6 |     7 ||    14
Armor: Scale mail        |    24 |    48 |    34 ||   106
Dodge: Dodged            |    15 |    42 |    47 ||   104
Block: Shield            |    34 |    53 |    69 ||   156
